 Dungeon Crawl Stone Soup version 0.28-a0-43-g560ac104fe (webtiles) character file.

Game seed: 13126602693057827292

7021 Mesmaeker13 the Nimble (level 11, -2/84 HPs)
             Began as a Djinni Fire Elementalist on July 28, 2021.
             Was an Initiate of Ru.
             Slain by a death yak (11 damage)
             ... on level 8 of the Dungeon.
             The game lasted 00:16:17 (11634 turns).

Mesmaeker13 the Nimble (Djinni Fire Elementalist)  Turns: 11634, Time: 00:16:18

Health: -2/84      AC:  2    Str:  8    XL:     11   Next: 29%
Gold:   404        EV: 29    Int: 19    God:    Ru [......] SH:  0 Dex: 19

rFire   x . .      SeeInvis .   (weapon currently unavailable)
rCold   + . .      Faith    .   (shield currently unavailable)
rNeg    . . .      Spirit   .   (armour currently unavailable)
rPois   ∞          Reflect  .   (helmet currently unavailable)
rElec   .          Harm     .   (cloak currently unavailable)
rCorr   .          Rampage  .   (gloves currently unavailable)
Will    +....                   (boots unavailable)
Stlth   ++........              (no amulet)
HPRegen 0.24/turn               e - ring of ice
MPRegen 0.00/turn               (no ring)

@: spider-form, freezing walls, flying, very slightly contaminated
A: venomous fangs, flying, sickness immunity, tiny, (fire resistance 2), (cold
vulnerability 1), float, innate caster, hp casting, extra vitality 1
a: End Transformation, Renounce Religion


You were on level 8 of the Dungeon.
You worshipped Ru.
Ru was noncommittal.
You were a venomous arachnid creature.
You visited 2 branches of the dungeon, and saw 9 of its levels.

You collected 404 gold pieces.

Inventory:

Hand Weapons
 k - a +1 spear
 m - a +4 short sword of flaming (melded)
Missiles
 l - 75 poisoned darts
 p - 2 throwing nets
Armour
 b - the +3 pair of gauntlets of War (melded) {Slay+5}
   (You acquired it on level 3 of the Dungeon)

   Slay:      It affects your accuracy & damage with ranged weapons and melee
   (+5).
 i - a +0 cloak (melded)
 u - +0 acid dragon scales (melded)
 y - +0 steam dragon scales
Magical Staves
 j - a staff of conjuration
Jewellery
 e - a ring of ice (left front leg)
Wands
 v - a wand of acid (6)
 w - a wand of flame (7)
Scrolls
 a - a scroll of noise {unknown}
 f - a scroll of enchant weapon
 g - a scroll of enchant armour
 r - 2 scrolls of magic mapping {unknown}
 t - 2 scrolls of teleportation
 x - a scroll of fog
Potions
 c - 5 potions of flight
 d - 2 potions of mutation
 h - 7 potions of curing
 n - 2 potions of invisibility
 o - a potion of attraction {unknown}
 q - 2 potions of haste {unknown}
 s - a potion of magic {unknown}


   Skills:
 + Level 9.0 Fighting
 + Level 11.0 Dodging
 - Level 1.5 Stealth
 + Level 8.1 Spellcasting


You couldn't memorise any spells.
You knew the following spells:

 Your Spells              Type           Power      Damage    Failure   Level
a - Foxfire               Conj/Fire      100%       2x1d9     2%          1
b - Conjure Flame         Conj/Fire      38%        6-21      4%          3
c - Inner Flame           Hex/Fire       38%        N/A       4%          3
d - Sticky Flame          Conj/Fire      38%        2d6       11%         4
e - Fireball              Conj/Fire      19%        3d9       22%         5
f - Apportation           Tloc           76%        N/A       2%          1
g - Poisonous Vapours     Pois/Air       76%        N/A       3%          2
h - Spider Form           Tmut/Pois      19%        N/A       4%          3
i - Frozen Ramparts       Ice            100%       1d12      4%          3
j - Metabolic Englaciati  Hex/Ice        27%        N/A       22%         5
Your spell library was empty.

Dungeon Overview and Level Annotations

Branches:
Dungeon (8/15)             Temple (1/1) D:7            Lair (0/6) D:8

Altars:
Cheibriados
Fedhas
Gozag
Ru
Trog
Vehumet
Xom
Yredelemnul
The Shining One
Beogh

Shops:
D:7 (

Annotations:
D:2 1 runed translucent door, 1 exclusion, Crazy Yiuf
D:4 3 runed translucent doors, Flogoulo's ghost, amateur TrCK


Innate Abilities, Weirdness & Mutations

You are a venomous arachnid creature.
You have poisonous fangs.
You are tiny and dextrous.
You are flying.
Your spellcasting is less reliable in this form.
Your armour is entirely melded.
You are incapable of wielding weapons or throwing items.
You are immune to sickness and miasma.
You are immune to poison.
((Your flesh is very heat resistant. (rF++)))
((You are vulnerable to cold. (rC-)))
You float through the air rather than walking.
You learn spells naturally, not from books.
Your magical power is your life essence.
You have superior vitality. (+4 HP)


Message History

Aiming: Sticky Flame (dangerous; 5% risk of failure)
Press: ? - help, Shift-Dir - straight line, f - death yak
Aim: a death yak (100% to hit)
You miscast Sticky Flame.
You are very lightly contaminated with residual magic.
Nothing appears to happen.
The wall freezes the death yak.
The death yak gores you!!
Casting: Sticky Flame (dangerous; 5% risk of failure)
Confirm with . or Enter, or press ? or * to list all spells.
You turn into a venomous arachnid creature.
Your +4 short sword of flaming melds into your body.
Your +0 cloak melds into your body.
The +3 pair of gauntlets of War {Slay+5} melds into your body.
Your +0 acid dragon scales melds into your body.
Your +4 short sword of flaming stops flaming.
The wall freezes the death yak.
The death yak misses you.
Unknown command.
You hit the death yak but do no damage.
The death yak is poisoned.
The death yak is lightly wounded.
The wall freezes the death yak.
The death yak completely misses you.
You hit the death yak but do no damage.
The death yak looks even sicker.
The death yak is lightly wounded.
The wall freezes the death yak!
The death yak completely misses you.
You hit the death yak but do no damage.
The death yak looks as sick as possible!
The death yak is moderately wounded.
The wall freezes the death yak!
The death yak gores you!!
You hit the death yak but do no damage.
The death yak looks as sick as possible!
The death yak is moderately wounded.
The wall freezes the death yak.
The death yak completely misses you.
You hit the death yak but do no damage.
The death yak is heavily wounded.
The wall freezes the death yak.
The death yak gores you!!
* * * LOW HITPOINT WARNING * * *
You hit the death yak but do no damage.
The death yak looks as sick as possible!
The death yak is heavily wounded.
The wall freezes the death yak.
The death yak gores you!
You die...

#.. #.# #.# #.# #.# ##.##
###.#.###
..#####...####...(......
.. #..........Ys..#
#...#.# #.#.
)#####<..###..# #...#.#
#.#. ##.####..###...#.#
#.#. ####.............#.#
#.##
#..........###...#.###.##
#Y#######... #...........
#.# ###.#........... #Y#
#.......#......) #.####
#.#.##..########


You could see a death yak (extremely poisoned).

Vanquished Creatures
  5 death yaks
  Prince Ribbit (D:6)
  2 wyverns (D:8)
  3 steam dragons
  An acid dragon (D:7)
  3 ice beasts
  2 orc warriors
  An ogre (D:4)
  3 phantoms
  2 centaurs
  2 kobold brigands
  6 bullfrogs
  A water moccasin zombie (D:5)
  A wyvern zombie (D:5)
  9 killer bees
  A water moccasin skeleton (D:5)
  2 howler monkeys (D:8)
  4 wights (D:6)
  2 centaur zombies
  A jelly (D:6)
  3 hounds
  2 bullfrog skeletons
  2 centaur skeletons (D:6)
  2 orc priests
  An iguana (D:5)
  2 orc wizards
  2 howler monkey zombies
  11 gnolls
  4 adders
  2 white imps (D:6)
  An adder skeleton (D:5)
  2 worms (D:3)
  3 dart slugs
  12 orcs
  10 ball pythons
  6 endoplasms
  3 giant cockroaches
  2 goblins
  10 hobgoblins
  3 jackals (D:3)
  16 kobolds
  4 quokkas
  7 bats
  4 frilled lizards (D:1)
  3 rats
169 creatures vanquished.

Vanquished Creatures (others)
  462 foxfires
462 creatures vanquished.

Grand Total: 631 creatures vanquished

Notes
Turn   | Place    | Note
-------+----------+-------------------------------------------
     0 | D:1      | Mesmaeker13 the Djinni Fire Elementalist began the quest
                  | for the Orb.
     0 | D:1      | Reached XP level 1. HP: 15/15 MP: 0/0
   231 | D:1      | Reached XP level 2. HP: 20/21 MP: 0/0
   464 | D:1      | Found a faded altar of an unknown god.
   735 | D:1      | Reached skill level 3 in Dodging
   737 | D:1      | Reached XP level 3. HP: 23/25 MP: 0/0
   737 | D:1      | Learned a level 1 spell: Apportation
  1417 | D:2      | Reached XP level 4. HP: 27/31 MP: 0/0
  1555 | D:2      | Found a shimmering altar of Xom.
  2419 | D:2      | Found a runed translucent door.
  2420 | D:2      | Noticed Crazy Yiuf
  2871 | D:3      | Identified a scroll of acquirement
  3105 | D:3      | Reached skill level 4 in Dodging
  3123 | D:3      | Reached XP level 5. HP: 16/35 MP: 0/0
  3123 | D:3      | Learned a level 2 spell: Poisonous Vapours
  3493 | D:3      | Noticed a kobold brigand
  3511 | D:3      | Killed a kobold brigand
  3563 | D:3      | Acquired the +3 pair of gauntlets of War {Slay+5}
  3564 | D:3      | Found the +3 pair of gauntlets of War {Slay+5}
  3681 | D:3      | Noticed an ogre
  3985 | D:3      | Reached XP level 6. HP: 25/40 MP: 0/0
  4396 | D:4      | Found a runed translucent gate.
  4396 | D:4      | Found a runed translucent gate.
  4397 | D:4      | Noticed Flogoulo's ghost (amateur TrCK)
  4398 | D:4      | Found a runed translucent gate.
  4461 | D:4      | Reached skill level 5 in Dodging
  5093 | D:4      | Reached skill level 1 in Fighting
  5414 | D:4      | Killed an ogre
  5415 | D:4      | Reached XP level 7. HP: 43/47 MP: 0/0
  5415 | D:4      | Learned a level 3 spell: Spider Form
  5736 | D:5      | Entered Level 5 of the Dungeon
  6161 | D:5      | Reached skill level 6 in Dodging
  6249 | D:5      | Reached XP level 8. HP: 33/56 MP: 0/0
  6454 | D:5      | Reached skill level 5 in Spellcasting
  7358 | D:6      | Reached skill level 7 in Dodging
  7706 | D:6      | Noticed Prince Ribbit
  7711 | D:6      | Killed Prince Ribbit
  7712 | D:6      | Reached XP level 9. HP: 63/63 MP: 0/0
  7712 | D:6      | Learned a level 3 spell: Frozen Ramparts
  7849 | D:6      | Reached skill level 5 in Fighting
  7974 | D:6      | Reached skill level 8 in Dodging
  8875 | D:7      | Reached skill level 9 in Dodging
  8875 | D:7      | Reached XP level 10. HP: 42/73 MP: 0/0
  9142 | D:7      | Found a staircase to the Ecumenical Temple.
  9151 | Temple   | Entered the Ecumenical Temple
  9176 | Temple   | Became a worshipper of Ru the Awakened
  9417 | D:7      | Found Piziss's Weapon Boutique.
  9940 | D:8      | Noticed a death yak
  9940 | D:8      | Noticed a death yak
  9963 | D:7      | Killed a death yak
 10477 | D:8      | Noticed a death yak
 10477 | D:8      | Noticed a death yak
 10477 | D:8      | Noticed a death yak
 10477 | D:8      | Noticed a death yak
 10546 | D:8      | Killed a death yak
 10547 | D:8      | Reached skill level 10 in Dodging
 10718 | D:8      | Found a staircase to the Lair.
 10752 | D:8      | Killed a death yak
 10753 | D:8      | Reached XP level 11. HP: 62/82 MP: 0/0
 10753 | D:8      | Learned a level 5 spell: Metabolic Englaciation
 10889 | D:8      | Killed a death yak
 11340 | D:6      | Killed a death yak
 11341 | D:6      | Reached skill level 11 in Dodging
 11634 | D:8      | Slain by a death yak

Illustrated notes

Levels and vault maps discovered:
D:1:      sevenhm_arrival_forest_fort_large_2, layout_basic,
          shapermc_ecumenical_altar_starsandcircs
D:2:      layout_loops_corners, basic_altar, uniq_crazy_yiuf_cottage
D:3:      minmay_recursive_quarters, layout_loops_ring, serial_aquarium,
          aquarium_bridge_straight [aquarium_subvault_bridge,
          aquarium_subvault_window, aquarium_subvault_bridge,
          aquarium_subvault_wall], aquarium_window_1, aquarium_window_1,
          aquarium_view_2f, aquarium_pool_double
D:4:      layout_loops_ring, biasface_ghost_orc_armoury
D:5:      layout_cave_pools, hangedman_abyss_or_decor_lesser_grid
D:6:      layout_loops_ring, uniq_prince_ribbit1
D:7:      layout_basic, minmay_temple_entry_antechambers, serial_shops,
          nicolae_lakefront_shop, minmay_microvault
D:8:      cheibrodos_steamvent, layout_loops_ring, dpeg_lair_monsters
Temple:   regret_index_temple_sigil_plot

Skill      XL: |  1  2  3  4  5  6  7  8  9 10 11 |
---------------+----------------------------------+-----
Dodging        | 3 4 5 6 7 9 10 11 | 11.0
Spellcasting   | 3 4 5 6 7 8 |  8.1
Fighting       | 1 3 4 6 8 9 |  9.0
Stealth        | |  1.5

Action                   |  1- 3 |  4- 6 |  7- 9 | 10-12 || total
-------------------------+-------+-------+-------+-------++-------
Melee: Unarmed           |     1 |       |    31 |    33 ||    65
       Short sword       |       |     5 |    17 |    13 ||    35
       Staff             |       |     4 |       |       ||     4
 Cast: Foxfire           |    43 |   102 |   108 |    28 ||   281
       Sticky Flame      |       |     1 |     9 |    15 ||    25
       Spider Form       |       |       |     2 |     5 ||     7
       Poisonous Vapours |       |       |     1 |       ||     1
       Frozen Ramparts   |       |       |     2 |    10 ||    12
Evoke: Wand              |       |       |     7 |    13 ||    20
  Use: Scroll            |       |     8 |     4 |     1 ||    13
 Stab: Sleeping          |       |     1 |       |       ||     1
Armor: Robe              |     5 |    16 |    45 |       ||    66
       Skin              |       |       |     3 |     1 ||     4
       Acid dragon scale |       |       |       |    24 ||    24
Dodge: Dodged            |    10 |    52 |   163 |    69 ||   294

Table legend: (Time is in decaauts)
 A = Elapsed time spent in this place.
 B = Non-inter-level travel time spent in this place.
 C = Inter-level travel time spent in this place.
 D = Time resting spent in this place.
 E = Time spent auto-exploring this place.
 F = Levels seen in this place.
 G = Mean time per level.
                   A        B        C        D        E       F      G
               +--------+--------+--------+--------+--------+-----+--------+
         Total |  11641 |  11188 |    453 |   4218 |   5111 |   9 | 1293.4 |
       Dungeon |  11604 |  11160 |    444 |   4218 |   5091 |   8 | 1450.5 |
        Temple |     36 |     27 |      9 |      0 |     20 |   1 |   36.0 |
               +--------+--------+--------+--------+--------+-----+--------+

Top non-repeatable levels by time:
     D:6: 1661 daAuts
     D:4: 1617 daAuts
     D:3: 1528 daAuts
     D:2: 1511 daAuts
     D:5: 1441 daAuts
     D:7: 1439 daAuts
     D:1: 1354 daAuts
     D:8: 1050 daAuts
  Temple: 36 daAuts
